AoeStats
← I HCP I

Highland

505446285Analyzed
4v4 RM · 22d ago on Sep 9, 2026· 41m 19s· 8 players
Game mode
Random Map
Map size
Large (8 player)
Population
200
Speed
Normal
Resources
Standard
Victory
Conquest
Starting age
Dark Age
Ending age
Imperial Age
RankedLock teamsTeams togetherTeam positionsShared explorationLock speedFull tech treeHidden civsTurbo modeCheats
Victory
Defeat
🇺🇦 Aztecs · Ukraine
881
+12
🇬🇧 Slavs · United Kingdom
839
+13
🇹🇷 Mongols · Türkiye
829
+14
🇦🇷 Huns · Argentina
734
+18
🇨🇳 Lithuanians · China
912
-19
🇨🇳 Khmer · China
773
-33
🇯🇵 Persians · Japan
750
-13
🇨🇳 Khmer · China
692
-18
I HCP I
9:00 Loom
11:55 Feudal Age
17:10 Castle Age
16:55 Double-Bit Axe
16:53 Horse Collar
18:08 Wheelbarrow
17:23 Town Watch
19:13 Bow Saw
23:14 Forging
23:27 Heavy Plow
26:07 Detinets
29:38 Scale Barding Armor
29:24 Fletching
31:52 Husbandry
32:03 Bloodlines
39:10 Imperial Age
蒸汽机器人
3:05 Loom
12:12 Feudal Age
12:37 Double-Bit Axe
14:25 Horse Collar
19:31 Castle Age
20:56 Bow Saw
22:28 Stone Mining
22:29 Gold Mining
24:17 Wheelbarrow
24:00 Heavy Plow
24:34 Fishing Lines
25:37 Gillnets
25:51 Pikeman
28:55 Town Watch
30:05 Hand Cart
32:49 Imperial Age
30:40 Forging
30:48 Marauders
31:09 Bloodlines
31:02 Husbandry
32:39 Iron Casting
32:10 Scale Barding Armor
33:20 Town Patrol
33:05 Elite Tarkan
34:29 Chain Barding Armor
35:35 Conscription
36:27 Two-Man Saw
36:51 Gold Shaft Mining
37:26 Blast Furnace
37:19 Plate Barding Armor
1mmr
5:22 Loom
13:12 Feudal Age
14:02 Double-Bit Axe
18:52 Gold Mining
21:07 Castle Age
20:32 Stone Mining
22:26 Bow Saw
24:35 Squires
30:18 Imperial Age
27:39 Horse Collar
28:56 Fervor
29:04 Forging
28:54 Scale Mail Armor
28:58 Gambesons
29:18 Treadmill Crane
30:12 Heavy Plow
30:01 Eagle Warrior
31:22 Iron Casting
31:33 Wheelbarrow
31:19 Elite Eagle Warrior
32:48 Gold Shaft Mining
34:44 Blast Furnace
34:00 Chain Mail Armor
34:04 Fortified Wall
34:58 Conscription
36:19 Crop Rotation
36:17 Garland Wars
39:07 Hand Cart
38:39 Town Watch
38:46 Town Watch
38:52 Arrowslits
40:09 Chemistry
39:30 Ballistics
39:07 Murder Holes
39:52 Plate Mail Armor
39:13 Fletching
39:29 Caravan
CERRAHPAŞALI HALİT
0:38 Loom
11:42 Feudal Age
18:30 Castle Age
19:13 Husbandry
19:24 Bloodlines
25:26 Scale Barding Armor
29:49 Chain Barding Armor
38:48 Imperial Age
37:37 Horse Collar
37:46 Double-Bit Axe
39:44 Bow Saw
39:28 Gold Mining
39:28 Stone Mining
41:44 Wheelbarrow
41:48 Drill
CSK赛车狂人
12:57 Feudal Age
24:32 Castle Age
24:14 Bloodlines
28:12 Wheelbarrow
27:33 Double-Bit Axe
33:08 Horse Collar
35:28 Heavy Plow
sw1065
11:07 Feudal Age
13:36 Wheelbarrow
15:24 Horse Collar
15:34 Double-Bit Axe
15:49 Gold Mining
16:43 Stone Mining
20:41 Castle Age
sada613
NthEagle7752776
13:50 Feudal Age
18:25 Castle Age
16:27 Horse Collar
17:45 Double-Bit Axe
17:54 Stone Mining
17:57 Gold Mining
20:07 Bow Saw
24:48 Loom
30:25 Wheelbarrow
30:07 Scale Barding Armor
30:13 Forging
32:43 Hand Cart
32:29 Town Watch
34:22 Chain Barding Armor
34:38 Iron Casting
34:54 Bloodlines
34:45 Husbandry
36:48 Fletching
Connection lost

Rejoining the realm…

Still unreachable

The connection could not be restored.

Session expired

The server has moved on; the page needs a fresh start.